 Dungeon Crawl Stone Soup version 0.18.1-5-g4a78601 (webtiles) character file.

277 dracos369 the Poker (level 6, -2/44 HPs)
             Began as a Merfolk Skald on May 13, 2016.
             Splashed by a jelly's acid (8 damage)
             ... on level 5 of the Dungeon.
             The game lasted 00:10:33 (4375 turns).

dracos369 the Poker (Merfolk Skald)                 Turns: 4375, Time: 00:10:33

Health: -2/44      AC:  1    Str: 12    XL:     6   Next: 26%
Magic:  9/9        EV: 12    Int: 12    God:
Gold:   192        SH:  0    Dex: 15    Spells: 3 memorised, 3 levels left

rFire  . . .     SeeInvis .     a - +0 spear
rCold  . . .     Gourm    .     h - +0 robe
rNeg   . . .     Faith    .     (no shield)
rPois  .         Spirit   .     (no helmet)
rElec  .         Dismiss  .     (no cloak)
rCorr  .         Reflect  .     t - +2 pair of gloves
SustAt .         Harm     .     (no boots)
MR     .....                    (no amulet)
Stlth  +.........               (no ring)
                                (no ring)

@: corroded, not resistant to hostile enchantments, very unstealthy
A: change form in water, swift swim
a: no special abilities


You were on level 5 of the Dungeon.
You were hungry.

You visited 1 branch of the dungeon, and saw 5 of its levels.

You collected 192 gold pieces.

Inventory:

Hand Weapons
 a - a +0 spear (weapon)
Missiles
 o - 7 steel tomahawks (quivered)
Armour
 h - a +0 robe (worn)
 t - a +2 pair of gloves (worn)
Jewellery
 p - an uncursed amulet of regeneration {unknown}
 r - a +3 ring of slaying {unknown}
Scrolls
 e - 4 scrolls of remove curse
 f - 2 scrolls of noise {unknown}
 g - a scroll of fog {unknown}
 j - 4 scrolls of enchant armour {unknown}
 l - a scroll of random uselessness {unknown}
 m - a scroll of blinking {unknown}
 n - 3 scrolls of identify {unknown}
 u - a scroll of immolation {unknown}
 x - 3 scrolls of amnesia {unknown}
Potions
 b - a potion of flight
 k - a potion of lignification
 s - a potion of agility {unknown}
 v - 3 potions of brilliance {unknown}
 w - a potion of beneficial mutation {unknown}
 z - 3 potions of curing
Books
 c - a book of Battle

   Spells                             Type                      Level
   a - Infusion                       Charms                       1
   b - Shroud of Golubria             Charms/Translocation         2
   c - Song of Slaying                Charms                       2
   d - Spectral Weapon                Hexes/Charms                 3
   e - Regeneration                   Charms/Necromancy            3
Comestibles
 d - 3 bread rations
 i - 2 fruits


   Skills:
 - Level 2.1 Fighting
 * Level 7.6 Polearms
 - Level 0.6 Armour
 - Level 1.3 Dodging
 - Level 2.0 Spellcasting
 + Level 2.4 Hexes
 + Level 4.1 Charms


You had 3 spell levels left.
You knew the following spells:

 Your Spells              Type           Power        Failure   Level  Hunger
a - Infusion              Chrm           ##..         6%          1    ##.....
c - Spectral Weapon       Hex/Chrm       #.......     24%         3    ####...
g - Shroud of Golubria    Chrm/Tloc      #.........   17%         2    ###....


Dungeon Overview and Level Annotations

Branches:
Dungeon (5/15)
 Temple: D:4-7

Altars:
Cheibriados
Fedhas
Pakellas
Xom


Message History

You hit the jelly.
Your hands burn!
The jelly is almost dead.
You are feeling hungry.
You hit the jelly.
Your hands burn!
The jelly is almost dead.
The jelly hits you.
You are splashed with acid!
The acid corrodes you!
The acid burns!
* * * LOW HITPOINT WARNING * * *
You are too injured to fight recklessly!
A worker ant comes into view.
A crimson imp comes into view.
The crimson imp shouts!
The worker ant twitches its antennae in your direction.
Read which item? (? for menu, Esc to quit)
As you read the scroll labeled OVOXTE GEUPRASM, it crumbles to dust.
You feel blessed for a moment.
It was a scroll of remove curse.
The jelly hits you.
* * * LOW HITPOINT WARNING * * *
You are splashed with acid!
The acid burns!
You die...

..........<....#
...............#########
................#.......
.....)..................
........................
........................
........................
.......J................
.......@................
........................
.........$..............
.......................
....a.................
..........5..........
....................
...............


You could see a jelly, a worker ant and a crimson imp.

Vanquished Creatures
  A howler monkey (D:4)
  A centaur zombie (D:5)
  A giant frog zombie (D:5)
  An orc wizard (D:4)
  A worker ant (D:5)
  A hound skeleton (D:4)
  5 adders
  An ooze (D:4)
  An adder skeleton (D:4)
  4 worms
  A giant gecko (D:2)
  14 orcs
  A giant cockroach (D:3)
  5 goblins
  A hobgoblin (D:3)
  2 kobolds
  2 bats (D:2)
  A giant cockroach zombie (D:4)
  4 giant newts (D:1)
  3 rats
51 creatures vanquished.

Vanquished Creatures (others)
  3 fungi (D:5)
3 creatures vanquished.

Grand Total: 54 creatures vanquished

Notes
Turn   | Place    | Note
--------------------------------------------------------------
     0 | D:1      | dracos369 the Merfolk Skald began the quest for the Orb.
     0 | D:1      | Reached XP level 1. HP: 16/16 MP: 3/3
   513 | D:2      | Reached skill level 4 in Polearms
   513 | D:2      | Reached XP level 2. HP: 6/22 MP: 0/5
   746 | D:2      | Learned a level 2 spell: Shroud of Golubria
  1395 | D:2      | Found an oddly glowing altar of Pakellas.
  1395 | D:2      | Noticed an ice dragon
  1513 | D:3      | Reached XP level 3. HP: 27/27 MP: 6/6
  1522 | D:3      | Reached skill level 5 in Polearms
  1644 | D:3      | Learned a level 3 spell: Spectral Weapon
  2151 | D:4      | Reached XP level 4. HP: 11/33 MP: 3/7
  2208 | D:4      | Reached skill level 6 in Polearms
  2208 | D:4      | Reached skill level 1 in Hexes
  2439 | D:4      | Noticed a phantom
  2440 | D:4      | Reached XP level 5. HP: 11/38 MP: 0/8
  3393 | D:4      | Reached skill level 7 in Polearms
  3628 | D:4      | Found a shimmering altar of Xom.
  3665 | D:5      | Entered Level 5 of the Dungeon
  3926 | D:5      | Reached XP level 6. HP: 37/44 MP: 5/9
  4065 | D:5      | Found a blossoming altar of Fedhas.
  4326 | D:5      | Found a snail-covered altar of Cheibriados.
  4375 | D:5      | Splashed by a jelly's acid

Skill      XL: |  1  2  3  4  5 |
---------------+----------------+-----
Polearms       | 4 5 6 7 |  7.6
Hexes          | 1 2 |  2.4
Charms         | 4 |  4.1
Fighting       | |  2.1
Armour         | |  0.6
Dodging        | |  1.3
Spellcasting   | |  2.0

Action                   |  1- 3 |  4- 6 || total
-------------------------+-------+-------++-------
Melee: Spear             |   171 |   145 ||   316
Throw: Tomahawk          |     1 |       ||     1
 Cast: Infusion          |     5 |       ||     5
       Shroud of Golubri |     1 |     3 ||     4
       Spectral Weapon   |       |     8 ||     8
  Use: Potion            |     3 |     2 ||     5
       Scroll            |       |     1 ||     1
 Stab: Sleeping          |     3 |     3 ||     6
  Eat: Chunk             |     3 |     2 ||     5
       Pizza             |       |     1 ||     1
       Bread ration      |       |     1 ||     1
       Beef jerky        |       |     1 ||     1
Armor: Robe              |    18 |    18 ||    36
       Leather armour    |     1 |       ||     1
       Skin              |    46 |    22 ||    68
Dodge: Dodged            |    61 |    42 ||   103
